 Dungeon Crawl Stone Soup version 0.20-a0-1116-gaa52201 (webtiles) character file.

13029 dvd the Spear-Bearer (level 11, -7/97 HPs)
             Began as a Minotaur Fighter on May 7, 2017.
             Was a Priest of Wu Jian.
             Mangled by a manticore (8 damage)
             ... on level 11 of the Dungeon.
             The game lasted 00:28:35 (9214 turns).

dvd the Spear-Bearer (Minotaur Fighter)             Turns: 9214, Time: 00:28:35

Health: -7/97      AC: 10    Str: 28    XL:     11   Next: 70%
Magic:  8/8        EV: 14    Int:  5    God:    Wu Jian [***...]
Gold:   789        SH: 16    Dex: 15    Spells: 10/10 levels left

rFire    . . .     SeeInvis +   Q - +8 falchion of the Pill Bug {venom, Str+4}
rCold    + . .     Gourm    .   c - +0 shield
rNeg     . . .     Faith    .   E - +0 acid dragon scales
rPois    .         Spirit   .   (helmet restricted)
rElec    .         Reflect  .   (no cloak)
rCorr    +         Harm     .   j - +2 pair of gloves {Str+3}
MR       +....     Rnd*Rage +   i - +0 pair of boots
Stlth    ++........             (no amulet)
Regen    0.3/turn               U - +2 ring of dexterity
MPRegen  0.2/turn               F - ring of protection from magic

@: slowed, very slow
A: retaliatory headbutt, horns 2, repulsion field 1, large bone plates 1, see
invisible, berserk 1, cold resistance 1, deformed body, low mp 1
a: Renounce Religion


You were on level 11 of the Dungeon.
You worshipped Wu Jian.
Wu Jian was most pleased with you.
You were not hungry.

You visited 2 branches of the dungeon, and saw 12 of its levels.

You collected 789 gold pieces.

Inventory:

Hand Weapons
 a - a +3 halberd of protection
 w - a +6 broad axe
 A - a +0 trident
 I - a +0 spear of flaming
 Q - the +8 falchion of the Pill Bug (weapon) {venom, Str+4}
   (You found it on level 9 of the Dungeon)

   It poisons the flesh of those it strikes.
   It affects your strength (+4).
Missiles
 z - 7 javelins (quivered)
Armour
 b - a +0 scale mail
 c - a +0 shield (worn)
 i - a +0 pair of boots (worn)
 j - a +2 pair of gloves of strength (worn)
 x - a +0 chain mail
 E - +0 acid dragon scales (worn)
 G - the +0 ring mail "Viej" {SInv}
   (You found it on level 9 of the Dungeon)

   It lets you see invisible.
 L - the +1 robe of Ecumm {MR+ Int+7 Dex-5 Stlth+}
   (You found it on level 7 of the Dungeon)

   It affects your intelligence (+7).
   It affects your dexterity (-5).
   It affects your resistance to hostile enchantments.
   It makes you more stealthy.
Magical Staves
 C - an uncursed staff of poison
Jewellery
 m - an uncursed ring of positive energy
 F - a ring of protection from magic (right hand)
 M - an uncursed ring of positive energy
 S - an uncursed ring of resist corrosion
 U - a +2 ring of dexterity (left hand)
Wands
 d - a wand of disintegration (8/24)
 y - a wand of scattershot (4/9)
 D - a wand of paralysis (10/24)
 O - a wand of lightning (1/15)
Scrolls
 e - 3 scrolls of amnesia
 o - a scroll of fog
 u - 9 scrolls of identify
 v - 6 scrolls of teleportation
 N - 2 scrolls of enchant armour
 R - a scroll of magic mapping
 T - 2 scrolls of remove curse
 W - a scroll of random uselessness {unknown}
Potions
 h - 3 potions of lignification {unknown}
 k - 4 potions of haste
 n - a potion of ambrosia {unknown}
 p - 2 potions of magic {unknown}
 q - 2 potions of curing {unknown}
 r - a potion of degeneration {unknown}
 t - a potion of heal wounds
 B - a potion of might
 H - a potion of mutation
 K - 3 potions of brilliance
 P - a potion of flight {unknown}
Books
 J - a book of Misfortune

   Spells                             Type                      Level
   a - Confusing Touch                Hexes                        1
   b - Confuse                        Hexes                        3
   c - Gell's Gravitas                Translocation                3
   d - Petrify                        Transmutation/Earth          4
   e - Metabolic Englaciation         Hexes/Ice                    5
   f - Yara's Violent Unravelling     Hexes/Transmutation          5
Comestibles
 f - 6 bread rations
 g - 17 royal jellies
 l - a meat ration
 s - 3 fruits


   Skills:
 + Level 9.3 Fighting
 + Level 4.4 Long Blades
 + Level 8.9(12.2) Axes
 + Level 13.4(14.3) Polearms
 + Level 9.8 Armour
 + Level 3.5 Dodging
 + Level 2.0 Stealth
 + Level 7.5 Shields


You had 10 spell levels left.
You didn't know any spells.

Dungeon Overview and Level Annotations

Branches:
Dungeon (11/15)            Temple (1/1) D:5            Lair (0/6) D:9
    Orc: D:9-12

Altars:
Ashenzari
Cheibriados
Dithmenos
Elyvilon
Fedhas
Gozag
Hepliaklqana
Kikubaaqudgha
Makhleb
Nemelex Xobeh
Okawaru
Qazlal
Ru
Sif Muna
Trog
Uskayaw
Vehumet
Wu Jian
Xom
Yredelemnul
Zin
The Shining One

Shops:
D:5 %

Portals:
Ice
Cave: D:11


Innate Abilities, Weirdness & Mutations

You reflexively headbutt those who attack you in melee.
You have a pair of horns on your head.
You are surrounded by a mild repulsion field. (EV +2)
You are partially covered in large bone plates. (SH +4)
You have supernaturally acute eyesight. (SInv)
You tend to lose your temper in combat.
Your flesh is cold resistant. (rC+)
Armour fits poorly on your strangely shaped body.
Your magical capacity is low. (-10% MP)


Message History

The +8 falchion of the Pill Bug {venom, Str+4} begins to drip with poison!
Q - the +8 falchion of the Pill Bug (weapon)
{venom, Str+4} The manticore bites you!
* * * LOW HITPOINT WARNING * * *
The manticore claws you but does no damage.
The manticore barely misses you.
You barely miss the manticore.
You headbutt the manticore, but do no damage.
The manticore is moderately wounded.
The manticore closely misses you. You furiously retaliate!
You headbutt the manticore. You block the manticore's attack. x2
You slash the manticore!
The manticore is poisoned.
Your headbutt misses the manticore.
The manticore is moderately wounded.
The manticore barely misses you. You block the manticore's attack.
The manticore closely misses you. The manticore bites you!!
* * * LOW HITPOINT WARNING * * *
The manticore claws you but does no damage.
The manticore claws you!
You die...

.######.###
##...#
###...##
#.###.....#
#.........#
..##..∩..#
#.........#
#..#....H.#
#. ######@#
#?# #.# #.#
..# ###


You could see a manticore.

Vanquished Creatures
  The ghost of dvd the Carver, a journeyman DrIE of Ashenzari (D:9)
  2 two-headed ogres
  Urug (D:10)
  An unseen horror (D:10)
  An ugly thing (D:11)
  A centaur zombie (D:10)
  Psyche (D:9)
  A gargoyle (D:11)
  A tengu conjurer (D:11)
  A komodo dragon (D:11)
  A hornet (D:11)
  2 hippogriffs
  Sigmund (D:2)
  A wyvern (D:8)
  10 yaks
  A hungry ghost (D:11)
  An acid dragon (D:11)
  An orc warrior (D:8)
  12 ice beasts
  3 phantoms
  4 sky beasts
  2 black bears (D:9)
  5 ogres
  The ghost of grindst0ne the Chopper, an amateur DsGl (D:4)
  2 centaurs
  8 bullfrogs
  A big kobold (D:8)
  A scorpion (D:9)
  A water moccasin skeleton (D:9)
  7 killer bees
  7 howler monkeys
  4 crimson imps
  A bullfrog zombie (D:11)
  2 hounds
  7 orc priests
  A bullfrog skeleton (D:8)
  6 jellies
  18 orc wizards
  3 centaur skeletons
  A gnoll shaman (D:4)
  An iguana (D:6)
  3 worker ants
  2 hound zombies
  A worker ant zombie (D:11)
  8 gnolls
  11 adders
  2 shadow imps
  5 oozes (D:8)
  2 adder zombies
  2 worms
  3 dart slugs (D:1)
  3 leopard geckos
  23 orcs
  19 giant cockroaches
  6 hobgoblins
  2 jackals (D:3)
  12 kobolds
  6 quokkas
  A ball python (D:6)
  11 bats
  6 frilled lizards
  3 giant cockroach zombies
  5 goblins
  A leopard gecko skeleton (D:5)
  A quokka skeleton (D:7)
  5 rats
270 creatures vanquished.

Notes
Turn   | Place    | Note
-------+----------+-------------------------------------------
     0 | D:1      | dvd the Minotaur Fighter began the quest for the Orb.
     0 | D:1      | Reached XP level 1. HP: 19/19 MP: 0/0
   217 | D:1      | Reached XP level 2. HP: 27/27 MP: 1/1
   884 | D:2      | Reached XP level 3. HP: 33/33 MP: 2/2
  1045 | D:2      | Reached skill level 3 in Polearms
  1260 | D:2      | Noticed Sigmund
  1271 | D:2      | Killed Sigmund
  1271 | D:2      | Reached skill level 4 in Polearms
  1271 | D:2      | Reached skill level 5 in Shields
  1271 | D:2      | Reached XP level 4. HP: 17/41 MP: 3/3
  1271 | D:2      | Reached XP level 5. HP: 20/47 MP: 4/4
  1809 | D:3      | Reached skill level 5 in Polearms
  1809 | D:3      | Reached skill level 1 in Dodging
  1840 | D:3      | Reached XP level 6. HP: 53/53 MP: 5/5
  1922 | D:3      | Noticed an ice beast
  1949 | D:3      | Killed an ice beast
  1949 | D:3      | Reached skill level 6 in Polearms
  2706 | D:4      | Noticed grindst0ne's ghost (amateur DsGl)
  2755 | D:4      | Killed grindst0ne's ghost
  2755 | D:4      | Reached skill level 5 in Armour
  2755 | D:4      | Reached XP level 7. HP: 29/60 MP: 6/6
  3204 | D:4      | Found a shadowy altar of Dithmenos.
  3210 | D:4      | Reached skill level 7 in Polearms
  3616 | D:5      | Entered Level 5 of the Dungeon
  3720 | D:5      | Found Toathaix's Food Shoppe.
  3725 | D:5      | Reached skill level 5 in Fighting
  3850 | D:5      | Found a staircase to the Ecumenical Temple.
  3857 | Temple   | Entered the Ecumenical Temple
  4015 | Temple   | Became a worshipper of the Wu Jian Council
  4211 | D:5      | Reached skill level 8 in Polearms
  4213 | D:5      | Found a bloodstained altar of Trog.
  4456 | D:6      | Reached skill level 1 in Stealth
  4456 | D:6      | Reached XP level 8. HP: 60/68 MP: 7/7
  4575 | D:6      | Reached skill level 9 in Polearms
  4775 | D:6      | Found a burning altar of Makhleb.
  4775 | D:6      | Noticed a cacodemon
  5151 | D:7      | Got a crude robe
  5165 | D:7      | Identified the +1 robe of Ecumm {MR+ Int+7 Dex-5 Stlth+} (You found it on level 7 of the Dungeon)
  5239 | D:7      | Found a snail-covered altar of Cheibriados.
  5252 | D:7      | Found a glowing golden altar of the Shining One.
  5306 | D:7      | Reached skill level 10 in Polearms
  5718 | D:7      | Gained mutation: You tend to lose your temper in combat. [mutagenic meat]
  5719 | D:7      | Gained mutation: You are partially covered in yellow scales. (AC +2) [mutagenic meat]
  5720 | D:7      | Lost mutation: You are partially covered in yellow scales. (AC +2) [mutagenic meat]
  5721 | D:7      | Gained mutation: You evolve. [mutagenic meat]
  5722 | D:7      | Lost mutation: You tend to lose your temper in combat. [mutagenic meat]
  5723 | D:7      | Gained mutation: Your magical capacity is low. (-10% MP) [mutagenic meat]
  5787 | D:8      | Reached XP level 9. HP: 75/75 MP: 7/7
  5820 | D:8      | Reached * piety under Wu Jian
  5832 | D:8      | Gained mutation: Your flesh is cold resistant. (rC+) [evolution]
  5880 | D:8      | Reached skill level 11 in Polearms
  6057 | D:8      | Noticed a two-headed ogre
  6065 | D:8      | Killed a two-headed ogre
  6065 | D:8      | Reached skill level 12 in Polearms
  6117 | D:8      | Reached ** piety under Wu Jian
  6159 | D:8      | You fall through a shaft for 2 floors!
  6159 | D:10     | Entered Level 10 of the Dungeon
  6318 | D:10     | Noticed Urug
  6331 | D:10     | Killed Urug
  6331 | D:10     | Reached skill level 13 in Polearms
  6331 | D:10     | Reached XP level 10. HP: 55/86 MP: 8/8
  6504 | D:10     | Reached skill level 1 in Axes
  6633 | D:10     | Killed an unseen horror
  6791 | D:9      | Found a hide-covered altar of Uskayaw.
  6805 | D:9      | Reached skill level 5 in Axes
  6932 | D:9      | Gained mutation: You are dopey. (Int -2) [mutagenic meat]
  6933 | D:9      | Gained mutation: You passively map a small area around you. [mutagenic meat]
  6934 | D:9      | Gained mutation: You are surrounded by a mild repulsion field. (EV +2) [mutagenic meat]
  6935 | D:9      | Gained mutation: You are clumsy. (Dex -2) [mutagenic meat]
  7015 | D:9      | Noticed dvd's ghost (journeyman DrIE)
  7027 | D:9      | Killed dvd's ghost
  7079 | D:9      | Got a polished ring mail
  7090 | D:9      | Identified the cursed +0 ring mail "Viej" {SInv} (You found it on level 9 of the Dungeon)
  7101 | D:9      | Lost mutation: Your magical capacity is low. (-10% MP) [potion of mutation]
  7101 | D:9      | Lost mutation: You are clumsy. (Dex -2) [potion of mutation]
  7101 | D:9      | Lost mutation: You passively map a small area around you. [potion of mutation]
  7101 | D:9      | Lost mutation: You evolve. [potion of mutation]
  7101 | D:9      | Gained mutation: Armour fits poorly on your strangely shaped body. [potion of mutation]
  7101 | D:9      | Gained mutation: You are partially covered in large bone plates. (SH +4) [potion of mutation]
  7101 | D:9      | Lost mutation: You are dopey. (Int -2) [potion of mutation]
  7101 | D:9      | Gained mutation: Your spells are a little harder to cast, but a little more powerful. [potion of mutation]
  7123 | D:9      | Noticed a two-headed ogre
  7129 | D:9      | Killed a two-headed ogre
  7129 | D:9      | Reached XP level 11. HP: 65/95 MP: 10/10
  7146 | D:9      | Noticed Psyche
  7150 | D:9      | Killed Psyche
  7328 | D:9      | Got a bloodstained falchion
  7329 | D:9      | Identified the +8 falchion of the Pill Bug {venom, Str+4} (You found it on level 9 of the Dungeon)
  7556 | D:9      | Found a staircase to the Lair.
  7924 | D:9      | Found a blossoming altar of Fedhas.
  7925 | D:9      | Found a hide-covered altar of Uskayaw.
  7925 | D:9      | Found an iron altar of Okawaru.
  8014 | D:9      | Gained mutation: You are partially covered in iridescent scales. (AC +2) [mutagenic meat]
  8016 | D:9      | Gained mutation: You have supernaturally acute eyesight. (SInv) [mutagenic meat]
  8165 | D:8      | Reached *** piety under Wu Jian
  8213 | D:8      | Reached skill level 1 in Long Blades
  8965 | D:11     | Noticed a white ugly thing
  8976 | D:11     | Killed a white ugly thing
  8980 | D:11     | Lost mutation: Your spells are a little harder to cast, but a little more powerful. [mutagenic meat]
  8981 | D:11     | Lost mutation: You are partially covered in iridescent scales. (AC +2) [mutagenic meat]
  8982 | D:11     | Gained mutation: You tend to lose your temper in combat. [mutagenic meat]
  8983 | D:11     | Gained mutation: Your magical capacity is low. (-10% MP) [mutagenic meat]
  9118 | D:11     | Found an iron altar of Okawaru.
  9173 | D:11     | Found a frozen archway.
  9214 | D:11     | HP: 1/97 [manticore (18)]
  9214 | D:11     | Mangled by a manticore

Vault maps used:
D:1:      dpeg_arrival_refuge, due_unseen_surprise
D:2:      uniq_sigmund
D:3:      minmay_roachtagon
D:4:      grunt_dithmenos_shadows
D:5:      lemuel_coloured_pillars_altar, minmay_temple_entry_hall, first_bread,
          serial_shops, nicolae_shop_temple_entry_statues_fountains
D:6:      makhleb_altar_promises_db
D:7:      amethyst_overflow_temple_binary
D:8:      minmay_flawed_box, hangedman_little_slice_of_home
D:9:      minitemple, lair_entry_dummy, basic_altar, nicolae_two_hexagons,
          uniq_psyche
D:10:     uniq_urug
D:11:     david_orc_5, serial_shops, kennysheep_little_box,
          portal_ice_cave_entry_ice_beasts, st_stairs_6,
          hangedman_feature_mirror, minmay_misc_feat_roman, uniq_grum
Temple:   eino_temple_scatter_basement

Skill      XL: |  1  2  3  4  5  6  7  8  9 10 11 |
---------------+----------------------------------+-----
Shields        | 4 5 6 7 |  7.5
Fighting       | 4 5 6 7 8 9 |  9.3
Polearms       | 4 5 6 8 10 13 | 13.4
Armour         | 4 5 7 8 9 |  9.8
Dodging        | 1 2 3 |  3.5
Stealth        | 1 2 |  2.0
Axes           | 7 8 |  8.9
Long Blades    | 4 |  4.4

Action                   |  1- 3 |  4- 6 |  7- 9 | 10-12 || total
-------------------------+-------+-------+-------+-------++-------
Melee: Trident           |   111 |    37 |       |       ||   148
       Headbutt          |    13 |    18 |    44 |    62 ||   137
       Halberd           |       |    66 |   231 |     4 ||   301
       Broad axe         |       |       |       |   116 ||   116
       Falchion          |       |       |       |   122 ||   122
Throw: Javelin           |       |       |       |     2 ||     2
  Use: Potion            |     1 |       |     2 |     5 ||     8
       Scroll            |       |       |    15 |     2 ||    17
  Eat: Chunk             |     1 |     5 |    17 |    24 ||    47
Armor: Scale mail        |    48 |     8 |       |    30 ||    86
       Chain mail        |       |    37 |    84 |    54 ||   175
       Ring mail         |       |       |    23 |     7 ||    30
       Acid dragon scale |       |       |       |     9 ||     9
Dodge: Dodged            |    20 |    22 |    70 |    76 ||   188
Block: Shield            |    47 |     8 |       |   186 ||   241
       Rpst.: Falchion   |       |       |       |    10 ||    10
